 Dungeon Crawl Stone Soup version 0.26-a0-638-gcca6ad1b57 (webtiles) character file.

Game seed: 1039592933355946644

131 Raymar the Covered (level 4, -1/33 HPs)
             Began as a Demonspawn Wanderer on May 10, 2020.
             Slain by a quokka (3 damage)
             ... on level 3 of the Dungeon on Sept 14, 2020.
             The game lasted 00:05:33 (2758 turns).

Raymar the Covered (Demonspawn Wanderer)            Turns: 2758, Time: 00:05:33

Health: -1/33      AC:  9    Str: 15    XL:     4   Next: 91%
Magic:  0/5        EV:  9    Int: 14    God:
Gold:   78         SH:  0    Dex: 15    Spells: 4/5 levels left

rFire    . . .     SeeInvis .   a - +0 mace
rCold    . . .     Faith    .   (no shield)
rNeg     . . .     Spirit   +   b - +2 scale mail
rPois    .         Reflect  .   (no helmet)
rElec    .         Harm     .   (no cloak)
rCorr    .         Rampage  .   (no gloves)
MR       .....                  (no boots)
Stlth    ..........             (no amulet)
HPRegen  0.11/turn              k - +2 ring of dexterity
MPRegen  0.09/turn              j - +3 ring of intelligence

@: slowed, very slow
A: hooves 1, magic shield
a: no special abilities


You were on level 3 of the Dungeon.
You visited 1 branch of the dungeon, and saw 3 of its levels.

You collected 78 gold pieces.

Inventory:

Hand Weapons
 a - a +0 mace (weapon)
Armour
 b - a +2 scale mail (worn)
Jewellery
 j - a +3 ring of intelligence (right hand)
 k - a +2 ring of dexterity (left hand)
Scrolls
 f - a scroll of fog
 g - a scroll of remove curse
 h - a scroll of teleportation
Potions
 c - 2 potions of curing
 e - a potion of ambrosia
 i - a potion of stabbing {unknown}
 l - 2 potions of brilliance {unknown}
Comestibles
 d - 2 removed foods


   Skills:
 + Level 2.0 Fighting
 + Level 2.3 Maces & Flails
 - Level 1.0 Throwing
 + Level 3.9 Armour
 + Level 0.5 Dodging
 + Level 1.0 Stealth
 + Level 1.1 Spellcasting
 + Level 2.1 Transmutations


You had 4 spell levels left.
You knew the following spells:

 Your Spells              Type           Power        Failure   Level
a - Beastly Appendage     Tmut           #.....       36%         1

Your spell library contained the following spells:

 Spells                   Type           Power        Failure   Level
 Spider Form              Tmut/Pois      #.........   88%         3


Dungeon Overview and Level Annotations

Branches:
Dungeon (3/15)

Altars:


Innate Abilities, Weirdness & Mutations

You have large cloven feet.
When hurt, damage is shared between your health and your magic reserves.


Message History

* * * LOW HITPOINT WARNING * * *
The quokka bites you.
The orc wizard hits you with a +0 dagger.
* * * LOW HITPOINT WARNING * * *
The orc barely misses you. The orc closely misses you.
The quokka closely misses you.
The orc wizard points at you and mumbles some strange words.
You feel as though you will be slow longer.
You hit the orc wizard.
You kill the orc wizard!
The quokka closely misses you. The orc barely misses you. x2
The quokka closely misses you.
The rat twitches its whiskers.
The orc closely misses you. The orc hits you but does no damage.
The quokka bites you but does no damage.
The quokka barely misses you. The quokka closely misses you.
The rat twitches its whiskers.
The quokka bites you.
You die...

########### ## #..<....@.#
.. #.##..###r###. #
#.##..# #.#o.
#.#####.##..###o#o#
..#.....#.##<.#.or#.###.##
#>...............)o.......
..........................
....#########.##)##.#.#.##
... #.##.# .# #


You could see 2 orcs, a quokka and a rat.

Vanquished Creatures
  An orc wizard (D:3)
  Jessica (D:2)
  2 adders (D:2)
  An ooze (D:3)
  2 worms (D:2)
  A dart slug (D:2)
  4 leopard geckos
  2 giant cockroaches
  5 goblins
  6 hobgoblins
  4 kobolds
  A ball python (D:2)
  7 bats
  6 frilled lizards
  3 rats (D:1)
46 creatures vanquished.

Notes
Turn   | Place    | Note
-------+----------+-------------------------------------------
     0 | D:1      | Raymar the Demonspawn Wanderer began the quest for the Orb.
     0 | D:1      | Raymar set off with the following items: a +0 mace, a +2
                  | scale mail, a ration; and the following spell memorised:
                  | Beastly Appendage; and the following spells available to
                  | memorise: Spider Form
     0 | D:1      | Reached XP level 1. HP: 15/15 MP: 2/2
   335 | D:1      | Reached skill level 3 in Armour
   335 | D:1      | Gained mutation: You have large cloven feet. [demonic
                  | ancestry]
   335 | D:1      | Reached XP level 2. HP: 19/21 MP: 0/3
  1413 | D:2      | Gained mutation: When hurt, damage is shared between your
                  | health and your magic reserves. [demonic ancestry]
  1413 | D:2      | Reached XP level 3. HP: 26/26 MP: 4/4
  2273 | D:2      | Reached XP level 4. HP: 15/33 MP: 2/5
  2484 | D:2      | Noticed Jessica
  2490 | D:2      | Killed Jessica
  2750 | D:3      | Upgraded the game from 0.25-a0-990-g0adbbaad2a to
                  | 0.26-a0-638-gcca6ad1b57
  2752 | D:3      | HP: 1/33 [orc wizard/+0 dagger (1)]
  2758 | D:3      | Slain by a quokka

Illustrated notes

Levels and vault maps discovered:
D:1:      minmay_arrival_semitransparent, layout_basic, minivault_5
D:2:      layout_basic, uniq_jessica
D:3:      layout_basic, tgw_trog, nicolae_overflow_crystal_walls,
          chequers_ecumenical_altar_twisty, first_ration

Skill      XL: |  1  2  3  4 |
---------------+-------------+-----
Transmutations | 2 |  2.1
Armour         | 3 |  3.9
Fighting       | 2 |  2.0
Maces & Flails | 2 |  2.3
Throwing       | |  1.0
Dodging        | |  0.5
Stealth        | |  1.0
Spellcasting   | |  1.1

Action                   |  1- 3 |  4- 6 || total
-------------------------+-------+-------++-------
Melee: Mace              |   140 |    27 ||   167
       Headbutt          |     1 |       ||     1
       Kick              |    23 |    10 ||    33
 Cast: Beastly Appendage |     2 |     1 ||     3
  Use: Potion            |     1 |       ||     1
       Scroll            |     5 |       ||     5
  Eat: Removed food      |     4 |       ||     4
       Removed food      |     1 |       ||     1
Armor: Scale mail        |   112 |    42 ||   154
Dodge: Dodged            |    97 |    41 ||   138

Table legend: (Time is in decaauts)
 A = Elapsed time spent in this place.
 B = Non-inter-level travel time spent in this place.
 C = Inter-level travel time spent in this place.
 D = Time resting spent in this place.
 E = Time spent auto-exploring this place.
 F = Levels seen in this place.
 G = Mean time per level.
                   A        B        C        D        E       F      G
               +--------+--------+--------+--------+--------+-----+--------+
         Total |   2817 |   2760 |     57 |    200 |   1976 |   3 |  939.0 |
       Dungeon |   2817 |   2760 |     57 |    200 |   1976 |   3 |  939.0 |
               +--------+--------+--------+--------+--------+-----+--------+

Top non-repeatable levels by time:
     D:3: 13 daAuts
Note: time per level data comes from an upgraded game and may be incomplete.
